 Dungeon Crawl Stone Soup version 0.31.0-12-g77e489cdc1 (webtiles) character file.

Game seed: 2427043456865600491

37 Wollwoll the Ruffian (level 3, -1/31 HPs)
             Began as a Naga Shapeshifter on Feb 22, 2024.
             Slain by a gnoll
             ... wielding a +0 club
              (8 damage)
             ... on level 2 of the Dungeon.
             The game lasted 00:01:44 (1288 turns).

Wollwoll the Ruffian (Naga Shapeshifter)            Turns: 1288, Time: 00:01:44

Health: -1/31      AC:  2    Str: 16    XL:     3   Next: 39%
Magic:  3/3        EV: 10    Int: 12    God:
Gold:   58         SH:  0    Dex: 10    Spells: 2/2 levels left

rFire   . .          .
                       - Unarmed
rCold   . . .        (no shield)
rNeg    . . .        a - +0 animal skin
rPois   +            (helmet currently unavailable)
rElec   .            (cloak currently unavailable)
rCorr   .            (gloves currently unavailable)
SInv    +            (no barding)
Will    .....        (no amulet)
Stlth   +            (no ring)
HPRegen 0.25/turn    (no ring)
MPRegen 0.08/turn

%: no passive effects
@: short of breath, beast-form, very slow
A: beast (slay +1), AC +1, large, see invisible, deformed body, poison
resistance, slowness 2, spit poison 1, naga tail 1
a: Spit Poison, Begin Untransformation


You were on level 2 of the Dungeon.
You were a hulking beast.
You visited 1 branch of the dungeon, and saw 2 of its levels.

You collected 58 gold pieces.

Inventory:

Armour
 a - a +0 animal skin (worn)
 f - an orb of guile
Talismans
 c - a beast talisman
 d - a flux talisman
Scrolls
 h - a scroll of identify {unknown}
 j - a scroll of immolation {unknown}
Potions
 b - a potion of lignification
 e - 2 potions of curing {unknown}
 g - a potion of attraction {unknown}
 i - a potion of ambrosia {unknown}


   Skills:
 - Level 1.1 Fighting
 - Level 2.0 Dodging
 - Level 0.1 Stealth
 + Level 3.8 Unarmed Combat
 - Level 3.2 Shapeshifting


You had 2 spell levels left.
You didn't know any spells.
Your spell library was empty.

Dungeon Overview and Level Annotations

Branches:
Dungeon (2/15)

Altars:


Innate Abilities, Weirdness & Mutations

You are a hulking beast.
Your limbs bulge with bestial killing power. (Slay +1)
Your serpentine skin is tough. (AC +1)
You have supernaturally acute eyesight. (SInv)
Armour fits poorly on your strangely shaped body.
Your system is resistant to poisons. (rPois)
You cover ground very slowly.
You can spit poison.
You have a snake-like lower body.


Message History

You tear a large gash into the net.
A hobgoblin comes into view.
You struggle against the net.
The gnoll hits you from afar with a +0 spear.
You rip the net and break free!
You have got your breath back.
The gnoll hits you from afar with a +0 spear.
Aiming: Spit Poison (2% risk of failure)
Press: ? - help, Shift-Dir - straight line, f/p - gnoll
Aim: a gnoll, wielding a +0 halberd (severely wounded, poisoned, 65% to hit)
The splash of poison misses the gnoll.
The splash of poison hits the gnoll.
The gnoll looks even sicker.
You kill the gnoll!
The gnoll throws a throwing net.
The throwing net hits you.
You become entangled in the net!
Training target 2.0 for Dodging reached!
Your Dodging skill increases to level 2!
You need to enable at least one skill for training.
Unknown command.
Unknown command.
Unknown command.
You struggle against the net.
The gnoll barely misses you.
You struggle against the net.
You have got your breath back.
The gnoll hits you from afar with a +0 spear.
The gnoll hits you with a +0 club.
Aiming: Spit Poison (2% risk of failure)
Press: ? - help, Shift-Dir - straight line, f - gnoll
Aim: a gnoll, wielding a +0 spear (65% to hit)
The splash of poison hits the gnoll.
The gnoll is poisoned.
The gnoll is moderately wounded.
The gnoll barely misses you. The gnoll hits you with a +0 club.
Unknown command.
You struggle against the net.
The gnoll hits you from afar with a +0 spear.
You rip the net and break free!
The gnoll hits you from afar with a +0 spear.
* * * LOW HITPOINT WARNING * * *
The gnoll hits you with a +0 club!
You die...

.# #.. #.. ..
....#.#####
#.......#.)...##
##..............##
#...........g..$.#
#................#
#..........gh....#
#................#
#................#
#...>............# ..
##....†..........##
...#........##.....##
.......##.##########
..........#
....###.###


You could see 2 gnolls.

Vanquished Creatures
  A gnoll (D:2)
  An adder (D:2)
  2 bats (D:1)
  An endoplasm (D:1)
  A giant cockroach (D:1)
  4 goblins (D:1)
  2 hobgoblins (D:1)
  A kobold (D:1)
  2 ball pythons
  A rat (D:1)
16 creatures vanquished.

Notes
Turn   | Place    | Note
-------+----------+-------------------------------------------
     0 | D:1      | Wollwoll the Naga Shapeshifter began the quest for the Orb.
     0 | D:1      | Reached XP level 1. HP: 18/18 MP: 1/1
   391 | D:1      | Reached XP level 2. HP: 23/25 MP: 2/2
  1012 | D:1      | Found a faded altar of an unknown god.
  1234 | D:2      | Reached XP level 3. HP: 22/31 MP: 3/3
  1288 | D:2      | Slain by a gnoll

Illustrated notes

Levels and vault maps discovered:
D:1:      lemuel_arrival_tunnels, layout_basic, serial_co_window_serial,
          co_window_paths_b, co_window_paths_a, co_window_paths_b,
          co_window_of_opportunity_a, co_window_of_opportunity_a,
          co_window_paths_a, co_window_broadway_b, co_window_unsneaky_path_c,
          co_window_broadway_a, co_window_4corner_b, co_window_paths_d,
          glass_columns_a, shapermc_ecumenical_altar_mp_vishouse
D:2:      layout_rooms, uniq_sigmund, uniq_terence, uniq_jessica

Skill      XL: |  1  2  3 |
---------------+----------+-----
Dodging        | 2 |  2.0
Fighting       | |  1.1
Stealth        | |  0.1
Unarmed Combat | |  3.8
Shapeshifting  | |  3.2

Action                     || total
---------------------------++-------
  Melee: Unarmed           ||    32
Ability: Spit Poison       ||     3
 Armour: Animal skin       ||    32
  Dodge: Dodged            ||    16
